 Dungeon Crawl Stone Soup version 0.30-a0-1018-g25214051b3 (webtiles) character file.

Game seed: 12766032074229902109

343 vineage the Trooper (level 6, -1/42 HPs)
             Began as a Gargoyle Fighter on Apr 7, 2023.
             Was an Initiate of Okawaru.
             Slain by a gnoll
             ... wielding a +0 halberd
              (6 damage)
             ... on level 3 of the Dungeon.
             The game lasted 00:03:43 (2943 turns).

vineage the Trooper (Gargoyle Fighter)              Turns: 2943, Time: 00:03:44

Health: -1/42      AC: 17    Str: 18 (19) XL:     6   Next: 57%
Magic:  8/8        EV: 12    Int:  7 (9)  God:    Okawaru [......]
Gold:   1202       SH:  4    Dex:  9 (11) Spells: 5/5 levels left

rFire   x . .      SeeInvis .    m - +2 flail (holy)
rCold   . . .      Faith    .    c - +0 buckler
rNeg    + . .      Spirit   .    e - +0 chain mail
rPois   ∞          Reflect  .    (helmet restricted)
rElec   +          Rampage  .    (no cloak)
rCorr   .                        (no gloves)
Will    +....                    (no boots) Stlth
                                 (no amulet)
HPRegen 0.27/turn                j - +4 ring of protection
MPRegen 0.11/turn                n - +5 ring of evasion

@: flying
A: sickness immunity, AC +4, negative energy resistance 1, electricity
resistance, torment resistance 1, petrification resistance, horns 1,
strong-willed 1, heat vulnerability 1
a: Renounce Religion


You were on level 3 of the Dungeon.
You worshipped Okawaru.
Okawaru was noncommittal.
You visited 1 branch of the dungeon, and saw 4 of its levels.

You collected 1202 gold pieces.

Inventory:

Hand Weapons
 a - a +1 flail
 m - a +2 flail of holy wrath (weapon)
Armour
 c - a +0 buckler (worn)
 e - a +0 chain mail (worn)
Jewellery
 j - a +4 ring of protection (left hand)
 n - a +5 ring of evasion (right hand)
Scrolls
 i - a scroll of enchant weapon
Potions
 h - a potion of curing


   Skills:
 + Level 6.7 Fighting
 - Level 2.0 Maces & Flails
 - Level 3.2 Armour
 - Level 3.2 Shields
 + Level 3.8 Invocations


You had 5 spell levels left.
You didn't know any spells.
Your spell library contained the following spells:

 Spells                   Type           Power      Damage    Failure   Level
 Static Discharge         Conj/Air       0%         2-2/arc   100%        2
 Airstrike                Air            0%         2d(0-16)  100%        4
 Summon Lightning Spire   Summ/Air       Unusable   N/A       N/A         4

Dungeon Overview and Level Annotations

Branches:
Dungeon (4/15)
 Temple: D:4-7

Altars:
Dithmenos
Elyvilon
Okawaru

Annotations:
D:3 Sigmund


Innate Abilities, Weirdness & Mutations

You are immune to sickness and miasma.
Your stone body is resilient. (AC +4)
You are immune to poison.
You resist negative energy. (rN+)
You are resistant to electric shocks. (rElec)
You are resistant to unholy torment.
You are immune to petrification.
You have a pair of small horns on your head.
You are strong-willed. (Will+)
You are vulnerable to heat. (rF-)


Message History

The gnoll hits you but does no damage.
Sigmund zaps a wand.
The bolt of dispelling energy hits you!
Your magical effects are unravelling.
* * * LOW HITPOINT WARNING * * *
The now-empty wand crumbles to dust.
In your confused state, you trip and fall back down the stairs.
* * * LOW HITPOINT WARNING * * *
You feel less confused. The gnoll hits you but does no damage.
Sigmund hits you but does no damage. The gnoll hits you with a +0 halberd.
* * * LOW HITPOINT WARNING * * *
You climb upwards.
There is a stone staircase leading down here.
You feel better. The gnoll hits you but does no damage.
Sigmund barely misses you.
It was a potion of flight.
You feel very buoyant.
You fly up into the air.
The gnoll hits you with a +0 halberd!
* * * LOW HITPOINT WARNING * * *
Sigmund hits you with a +4 vampiric scythe.
* * * LOW HITPOINT WARNING * * *
It was a potion of mutation.
You feel extremely strange.
You feel strong-willed.
You feel vulnerable to heat. A pair of horns grows on your head!
The gnoll barely misses you.
It was a potion of degeneration.
There was something very wrong with that liquid.
You feel weakened.
You feel dopey.
You feel clumsy. You block the gnoll's attack.
Sigmund flickers, as though insubstantial.
Sigmund hits you with a +4 vampiric scythe.
* * * LOW HITPOINT WARNING * * *
You hit Sigmund. Your headbutt misses Sigmund.
Sigmund is lightly wounded.
The gnoll hits you but does no damage.
Sigmund mumbles some strange words.
Sigmund flickers and vanishes!
Deactivating autopickup; reactivate with Ctrl-A.
You hit something. The gnoll hits you with a +0 halberd.
You die...

###.# #.......# #.# #.#
#.......# #.#
#.###########.##.#####.#
#......................#
#########........#######
#.##.##### #####.##>#
#........#####
#........g@{.#
#.###.######.# #.# #.#
#.# #.# #.# #.#
#######.###.# #.#
#...........### #.#
#.#####.......# #.# ..#
#.###[#.# #.# .## #.#
#)#.# #.#


You could see a gnoll.

Vanquished Creatures
  Eustachio (D:3)
  An ogre (D:4)
  3 gnolls (D:3)
  4 adders
  A worm (D:3)
  3 dart slugs
  3 bats
  5 endoplasms
  4 giant cockroaches
  5 goblins
  2 hobgoblins
  4 jackals (D:3)
  4 kobolds
  7 ball pythons
  4 rats
51 creatures vanquished.

Notes
Turn   | Place    | Note
-------+----------+-------------------------------------------
     0 | D:1      | vineage the Gargoyle Fighter began the quest for the Orb.
     0 | D:1      | Reached XP level 1. HP: 14/14 MP: 1/1
    90 | D:1      | Reached XP level 2. HP: 18/20 MP: 2/2
   161 | D:1      | Reached skill level 4 in Fighting
   528 | D:1      | Reached XP level 3. HP: 21/24 MP: 3/3
  1135 | D:2      | Reached skill level 5 in Fighting
  1417 | D:3      | Found a shadowy altar of Dithmenos.
  1465 | D:3      | Found an iron altar of Okawaru.
  1513 | D:3      | Became a worshipper of Warmaster Okawaru
  1572 | D:3      | Found a white marble altar of Elyvilon.
  1680 | D:3      | Reached XP level 4. HP: 30/31 MP: 4/4
  2073 | D:3      | Identified a scroll of acquirement
  2073 | D:3      | Acquired 1071 gold pieces
  2136 | D:4      | Noticed an ogre
  2143 | D:4      | Killed an ogre
  2144 | D:4      | Reached XP level 5. HP: 36/36 MP: 4/6
  2166 | D:4      | Noticed Eustachio
  2195 | D:3      | Killed Eustachio
  2196 | D:3      | Reached skill level 6 in Fighting
  2196 | D:3      | Reached XP level 6. HP: 37/42 MP: 6/8
  2218 | D:4      | Noticed Sigmund
  2291 | D:3      | Reached * piety under Okawaru
  2940 | D:3      | Gained mutation: You are strong-willed. (Will+) [potion of
                  | mutation]
  2940 | D:3      | Gained mutation: You are vulnerable to heat. (rF-) [potion
                  | of mutation]
  2940 | D:3      | Gained mutation: You have a pair of small horns on your
                  | head. [potion of mutation]
  2943 | D:3      | Slain by a gnoll

Illustrated notes

Levels and vault maps discovered:
D:1:      mrwooster_arrival_statue_2, layout_loops_cross, minmay_tromino_v4_b
D:2:      layout_basic
D:3:      layout_loops_ring, lemuel_tele_altar, old_standard_altar,
          okawaru_ov_weapons_minmay, minmay_statues_item,
          kennysheep_generic_room_2
D:4:      layout_cave_pools, kennysheep_mini, general_overflow_altar,
          serial_shops, shop, grunt_decor_resistance, uniq_eustachio,
          uniq_sigmund

Skill      XL: |  1  2  3  4  5 |
---------------+----------------+-----
Fighting       | 4 5 6 |  6.7
Invocations    | 2 3 |  3.8
Maces & Flails | |  2.0
Armour         | |  3.2
Shields        | |  3.2

Action                     |  1- 3 |  4- 6 || total
---------------------------+-------+-------++-------
  Melee: Flail             |   106 |    72 ||   178
    Use: Scroll            |     5 |     3 ||     8
         Potion            |       |     6 ||     6
 Armour: Scale mail        |    12 |       ||    12
         Chain mail        |    64 |    87 ||   151
  Dodge: Dodged            |    41 |   107 ||   148
  Block: Buckler           |    21 |    29 ||    50

Table legend: (Time is in decaauts)
 A = Elapsed time spent in this place.
 B = Non-inter-level travel time spent in this place.
 C = Inter-level travel time spent in this place.
 D = Time resting spent in this place.
 E = Time spent auto-exploring this place.
 F = Levels seen in this place.
 G = Mean time per level.
                   A        B        C        D        E       F      G
               +--------+--------+--------+--------+--------+-----+--------+
         Total |   3015 |   2829 |    186 |    589 |   1698 |   4 |  753.8 |
       Dungeon |   3015 |   2829 |    186 |    589 |   1698 |   4 |  753.8 |
               +--------+--------+--------+--------+--------+-----+--------+

Top non-repeatable levels by time:
     D:3: 1465 daAuts
     D:2: 702 daAuts
     D:1: 696 daAuts
     D:4: 151 daAuts
